 Seeded DCSS version 0.29.1-15-g9cfb28693d (webtiles) character file.

Game seed: 16245865983455551772 (custom seed)

1705 Psyclone the Stinger (level 9, 0/51 HPs)
             Began as an Octopode Conjurer on Sept 24, 2023.
             Slain by a bullfrog (7 damage)
             ... on level 7 of the Dungeon.
             The game lasted 00:22:29 (8138 turns).

Psyclone the Stinger (Octopode Conjurer)            Turns: 8138, Time: 00:22:29

Health: 0/51       AC:  1    Str:  6    XL:     9   Next: 3%
Magic:  0/19       EV: 13    Int: 36    God:
Gold:   1226       SH:  0    Dex: 11    Spells: 12/21 levels left

rFire   . . .      SeeInvis .   c - +9 staff of Wucad Mu {*channel}
rCold   . . .      Faith    .   (no shield)
rNeg    . . .      Spirit   .   (helmet restricted)
rPois   .          Reflect  .   (no amulet)
rElec   .          Harm     .   g - +6 ring of intelligence
rCorr   .          Rampage  .   h - +6 ring of intelligence
Will    .....                   w - ring of Icoesug {Fly Slay+5 Stlth-}
Stlth   ++........              (no ring)
HPRegen 0.17/turn               (no ring)
MPRegen 0.16/turn               (no ring)
                                (no ring)
                                (no ring)

@: flying
A: almost no armour, amphibious, 8 rings, camouflage 1, gelatinous body 1,
(nimble swimmer 1), tentacles
a: no special abilities


You were on level 7 of the Dungeon.
You visited 2 branches of the dungeon, and saw 8 of its levels.

You collected 1795 gold pieces.
You spent 569 gold pieces at shops.

Inventory:

Hand Weapons
 b - a +0 dagger of draining
 c - the +9 staff of Wucad Mu (weapon) {*channel}
   (You acquired it on level 2 of the Dungeon)

   It occasionally powers its wielder's spells, but with a chance of causing
   confusion or draining the wielder's intelligence.
   It becomes more likely to activate and less likely to backfire with increased
   Evocations skill.
Missiles
 q - a curare-tipped dart
Armour
 d - a +1 pair of boots
 i - a +0 pair of boots of flying
 j - a +0 helmet of see invisible
Jewellery
 g - a +6 ring of intelligence (left tentacle)
 h - a +6 ring of intelligence (right tentacle)
 l - a ring of ice
 p - an amulet of regeneration
 w - the ring of Icoesug (on tentacle) {Fly Slay+5 Stlth-}
   (You acquired it on level 6 of the Dungeon)

   [ring of flight]

   Slay:      It affects your accuracy & damage with ranged weapons and melee
   (+5).
   Fly:       It grants you flight.
   Stlth:     It makes you less stealthy.
Wands
 m - a wand of roots (14)
 x - a wand of flame (24)
Scrolls
 f - 5 scrolls of teleportation
 k - a scroll of enchant weapon
 n - a scroll of noise
 o - 2 scrolls of immolation
 s - a scroll of butterflies
 t - 3 scrolls of identify {@r1}
 u - a scroll of amnesia
Potions
 a - a potion of magic
 e - a potion of flight
 r - a potion of lignification
 v - a potion of curing


   Skills:
 - Level 2.0 Dodging
 - Level 2.6 Stealth
 + Level 6.9 Spellcasting
 + Level 7.0 Conjurations
 + Level 7.4 Poison Magic


You had 12 spell levels left.
You knew the following spells:

 Your Spells              Type           Power      Damage    Failure   Level
a - Magic Dart            Conj           100%       1d8       1%          1
b - Searing Ray           Conj           100%       2d8       1%          2
v - Poisonous Vapours     Pois/Air       78%        N/A       1%          2
x - Olgreb's Toxic Radia  Pois           60%        N/A       1%          4

Your spell library contained the following spells:

 Spells                   Type           Power      Damage    Failure   Level
 Sting                    Tmut/Pois      100%       1d8       1%          1
 Dazzling Flash           Conj/Hex       74%        N/A       2%          3
 Fulminant Prism          Conj/Hex       18%        3d11      8%          4
 Iskenderun's Mystic Bla  Conj/Tloc      37%        2d9       8%          4
 Confusing Touch          Hex            12%        N/A       10%         3
 Yara's Violent Unravell  Hex/Tmut       6%         3d5       65%         5
 Enfeeble                 Hex            6%         N/A       100%        7
 Chain Lightning          Conj/Air       18%        3d24      100%        9
 Fire Storm               Conj/Fire      18%        8d5       100%        9
 Shatter                  Erth           6%         3d9*      100%        9


Dungeon Overview and Level Annotations

Branches:
Dungeon (7/15) Zot: 26937  Temple (1/1) D:5 Zot: 5871

Altars:
Cheibriados
Dithmenos
Elyvilon
Fedhas
Gozag
Kikubaaqudgha
Makhleb
Nemelex Xobeh
Sif Muna
Trog
Uskayaw
Vehumet
Wu Jian
Yredelemnul
Zin
The Shining One

Shops:
D:3 [   D:4 *:[


Innate Abilities, Weirdness & Mutations

You cannot wear most types of armour.
You are amphibious.
You can wear up to eight rings at the same time.
Your skin changes colour to match your surroundings (Stealth+).
Your rubbery body absorbs attacks. (AC +1, EV +1)
((You are camouflaged when in or above water. (Stealth+)))
You have tentacles for arms and can constrict up to eight enemies at once.


Message History

Casting: Searing Ray (safe; 1% risk of failure)
Confirm with . or Enter, or press ? or * to list all spells.
You can't see any susceptible monsters within range! (Use Z to cast anyway.) Unknown command.
Casting: Searing Ray (safe; 1% risk of failure)
Confirm with . or Enter, or press ? or * to list all spells.
Aiming: Searing Ray (safe; 1% risk of failure)
Press: ? - help, Shift-Dir - straight line The searing ray hits something!
Reactivating autopickup.
You feel a bit more experienced. (Press . to maintain the ray.)
You now have 2/19 mp.
You now have 1/19 mp.
You start resting.
A bullfrog comes into view.
Things that are here:
a +0 dagger; a +0 robe
Things that are here:
a +0 long sword; a +0 plate armour
Casting: Searing Ray (safe; 1% risk of failure)
Confirm with . or Enter, or press ? or * to list all spells.
Aiming: Magic Dart (safe; 1% risk of failure)
Press: ? - help, Shift-Dir - straight line, f - bullfrog
Aim: a bullfrog (100% to hit)
The magic dart hits the bullfrog.
The bullfrog is lightly wounded.
You now have 2/19 mp.
Casting: Magic Dart (safe; 1% risk of failure)
Confirm with . or Enter, or press ? or * to list all spells.
Aiming: Searing Ray (safe; 1% risk of failure)
Press: ? - help, Shift-Dir - straight line, f/p - bullfrog
Aim: a bullfrog (lightly wounded, 79% to hit)
The searing ray hits the bullfrog.
The bullfrog is moderately wounded. (Press . to maintain the ray.)
You now have 0/19 mp.
Without enough magic to sustain it, your searing ray dissipates.
The bullfrog hits you!
You die...

#.. ../ . #.# #.# .. #.#
#.# #.. #.######.## ....
#.........# .....
#.........#
#.....#.........########
#.......).)..F@....)!).#
######.........<######.#
...........#..#
#####.####.#..# #.#
#.#..# #.# #....# #.#
...... ### #...!.>
#.##.#


You could see a bullfrog.

Vanquished Creatures
  Sigmund (D:5)
  A water moccasin (D:6)
  2 orc warriors
  A black bear (D:5)
  An ogre (D:4)
  A phantom (D:6)
  A centaur (D:5)
  A kobold brigand (D:6)
  2 bullfrogs (D:6)
  A necrophage (D:4)
  3 scorpions
  An orc priest (D:3)
  3 hounds
  An iron imp (D:4)
  Jessica (D:2)
  2 iguanas
  3 orc wizards
  Natasha (D:3)
  A hound skeleton (D:4)
  4 gnolls (D:6)
  5 adders
  A dart slug (D:5)
  11 orcs
  6 ball pythons
  3 bats
  8 endoplasms
  A giant cockroach (D:4)
  5 goblins
  8 hobgoblins
  12 kobolds
  4 quokkas
  3 frilled lizards
  6 rats
105 creatures vanquished.

Vanquished Creatures (others)
  8 plants
8 creatures vanquished.

Grand Total: 113 creatures vanquished

Notes
Turn   | Place    | Note
-------+----------+-------------------------------------------
     0 | D:1      | Psyclone the Octopode Conjurer began the quest for the Orb.
     0 | D:1      | Reached XP level 1. HP: 11/11 MP: 3/3
   167 | D:1      | Reached XP level 2. HP: 17/17 MP: 1/5
   280 | D:1      | Found a faded altar of an unknown god.
  1171 | D:1      | Learned a level 2 spell: Searing Ray
  1227 | D:1      | Reached XP level 3. HP: 21/21 MP: 3/6
  1517 | D:2      | Reached skill level 5 in Conjurations
  1650 | D:2      | Noticed Jessica
  1655 | D:2      | Learned a level 2 spell: Poisonous Vapours
  1656 | D:2      | Killed Jessica
  1657 | D:2      | Reached skill level 1 in Poison Magic
  1657 | D:2      | Reached XP level 4. HP: 27/27 MP: 4/7
  2015 | D:2      | Identified 3 scrolls of acquirement
  2015 | D:2      | Acquired 715 gold pieces
  2016 | D:2      | Acquired 736 gold pieces
  2017 | D:2      | Acquired the +9 staff of Wucad Mu {*channel}
  2017 | D:2      | Found the +9 staff of Wucad Mu {*channel}
  2400 | D:3      | Found Ymmy Ciutu's Antique Armour Shoppe.
  2400 | D:3      | Noticed Natasha
  2409 | D:3      | Killed Natasha
  2486 | D:3      | Reached XP level 5. HP: 31/31 MP: 2/8
  3297 | D:3      | Bought a pair of embroidered boots for 187 gold pieces
  3297 | D:3      | Bought a pair of embroidered boots for 187 gold pieces
  3333 | D:4      | Noticed an ogre
  3345 | D:4      | Killed an ogre
  3346 | D:4      | Reached XP level 6. HP: 36/36 MP: 0/10
  3352 | D:4      | Learned a level 4 spell: Olgreb's Toxic Radiance
  3610 | D:4      | Found Koenoidu's Book Boutique.
  3625 | D:4      | Found Gamycsypi's Antique Armour Boutique.
  3762 | D:4      | Bought a runed helmet for 195 gold pieces
  3786 | D:4      | Found a burning altar of Makhleb.
  3797 | D:4      | Reached skill level 5 in Poison Magic
  3899 | D:4      | Found Tuuwolaw's General Store.
  3915 | D:4      | Found a snail-covered altar of Cheibriados.
  3922 | D:4      | Reached XP level 7. HP: 41/41 MP: 4/12
  4213 | D:4      | Found a shadowy altar of Dithmenos.
  4418 | D:5      | Entered Level 5 of the Dungeon
  4420 | D:5      | Noticed Sigmund
  4425 | D:5      | Killed Sigmund
  4898 | D:5      | Reached skill level 5 in Spellcasting
  5119 | D:5      | Found a glowing silver altar of Zin.
  5155 | D:5      | Reached XP level 8. HP: 46/46 MP: 9/16
  5518 | D:5      | Found a staircase to the Ecumenical Temple.
  5527 | Temple   | Entered the Ecumenical Temple
  7269 | D:6      | Acquired the ring of Icoesug {Fly Slay+5 Stlth-}
  8116 | D:7      | Reached XP level 9. HP: 9/51 MP: 8/19
  8138 | D:7      | Slain by a bullfrog

Illustrated notes

Levels and vault maps discovered:
D:1:      minmay_arrival_hallway, layout_loops_corners, basic_ecumenical_altar,
          minmay_unequal
D:2:      layout_loops_ring, uniq_jessica
D:3:      layout_basic, serial_shops, nicolae_shop_advertising_works
          [nicolae_subvault_shop_adworks], minmay_shallow_snake_nest,
          uniq_natasha
D:4:      layout_rooms, grunt_dithmenos_smoke_and_mirrors,
          makhleb_blood_cavern_becter, slow_altar_1, serial_shops,
          nicolae_square_shop, nicolae_shop_temple_entry_statues_fountains,
          kennysheep_mini_moat, chequers_serial_rivers_large_a,
          minmay_fractal_squares_gapless_5
D:5:      layout_layer_cave, mainiacjoe_overflow_cross_hatched,
          lemuel_temple_firewalk_b, uniq_sigmund
D:6:      layout_basic
D:7:      layout_basic, nicolae_hepliaklqana_hazy_memory, serial_shops,
          nicolae_stop_n_shop_2
Temple:   nicolae_temple_bog_church

Skill      XL: |  1  2  3  4  5  6  7  8 |
---------------+-------------------------+-----
Conjurations   | 5 6 7 |  7.0
Poison Magic   | 1 2 4 5 6 7 |  7.4
Spellcasting   | 3 5 6 |  6.9
Dodging        | |  2.0
Stealth        | |  2.6

Action                   |  1- 3 |  4- 6 |  7- 9 || total
-------------------------+-------+-------+-------++-------
Melee: Dagger            |     6 |       |       ||     6
       Tentacles         |     3 |     4 |     1 ||     8
       Constrict         |     1 |     7 |     1 ||     9
       Staff             |       |    28 |     1 ||    29
 Cast: Magic Dart        |    36 |    51 |    39 ||   126
       Searing Ray       |     1 |     5 |    28 ||    34
       Olgreb's Toxic Ra |       |       |     2 ||     2
  Use: Scroll            |       |     8 |     4 ||    12
       Potion            |       |     3 |     4 ||     7
 Stab: Distracted        |       |     1 |       ||     1
       Sleeping          |       |     1 |       ||     1
Armor: Skin              |       |     1 |       ||     1
Dodge: Dodged            |     7 |    28 |    13 ||    48
